 Dungeon Crawl Stone Soup version 0.30-a0-297-g0ec75d9ef4 (webtiles) character file.

Game seed: 2916606404066543334

76434 Hubris850 the Carver (level 15, 0/120 HPs)
             Began as a Gnoll Cinder Acolyte on Oct 18, 2022.
             Was an Initiate of Gozag.
             Slain by a thorn hunter (12 damage)
             ... on level 2 of the Swamp.
             The game lasted 01:17:37 (19419 turns).

Hubris850 the Carver (Gnoll Cinder Acolyte)        Turns: 19419, Time: 01:17:38

Health: 0/120      AC: 12    Str: 15    XL:     15   Next: 53%
Magic:  29/29      EV: 19    Int: 18    God:    Gozag
Gold:   2297       SH:  0    Dex: 11    Spells: 18/35 levels left

rFire   + . .      SeeInvis .    k - +9 quarterstaff (spect)
rCold   + . .      Faith    .    (shield currently unavailable)
rNeg    . . .      Spirit   .    j - +1 robe of Vines {NoPotionHeal Regen++++}
rPois   +          Reflect  .    M - +2 helmet
rElec   +          Harm     .    g - +0 cloak
rCorr   +          Rampage  .    F - +0 pair of gloves
Will    +....                    A - +1 pair of boots of the Viny God {Dex+2}
Stlth   ++++......               (no amulet)
HPRegen 3.60/turn                N - +4 ring of evasion
MPRegen 0.21/turn                x - ring of resist corrosion

@: mighty, resistant, gold aura, hasted, invisible, very quick
A: fangs 1, strong nose, distributed training
a: Renounce Religion, Potion Petition, Call Merchant, Bribe Branch


You were on level 2 of the Swamp.
You worshipped Gozag.
Gozag was most pleased with you.
You visited 4 branches of the dungeon, and saw 18 of its levels.
You also visited: Sewer and Ossuary.

You collected 3287 gold pieces.
You paid 990 gold pieces to Gozag.

Inventory:

Hand Weapons
 k - a +9 spectral quarterstaff (weapon)
Missiles
 b - 3 throwing nets
 h - 6 curare-tipped darts
 l - 4 silver boomerangs
 m - 63 poisoned darts (quivered)
 u - 2 boomerangs
 y - 3 javelins
Armour
 d - the +5 robe of Misfortune {Harm *Corrode *Slow EV+5}
   (You found it on level 2 of the Lair of Beasts)

   EV:        It affects your evasion (+5).
   *Corrode:  It may corrode you when you take damage.
   *Slow:     It may slow you when you take damage.
   Harm:      It increases damage dealt and taken.
 g - a +0 cloak (worn)
 j - the +1 robe of Vines (worn) {NoPotionHeal Regen++++}
   (You found it on level 3 of the Lair of Beasts)

   Its wearer cannot be healed by potions.
   Regen:     It increases your rate of health regeneration.
 A - the +1 pair of boots of the Viny God (worn) {Dex+2}
   (You found it on level 9 of the Dungeon)

   Dex:       It affects your dexterity (+2).
 F - a +0 pair of gloves (worn)
 I - the +2 robe of Knowledge {*Slow rN+ SInv Archmagi}
   (You found it on level 5 of the Dungeon)

   rN:        It protects you from negative energy.
   SInv:      It lets you see invisible.
   *Slow:     It may slow you when you take damage.
   Archmagi:  It increases the power of your magical spells.
 M - a +2 helmet (worn)
Jewellery
 x - a ring of resist corrosion (right hand)
 N - a +4 ring of evasion (left hand)
Wands
 i - a wand of charming (10)
 q - a wand of digging (3)
 L - a wand of roots (11)
 T - a wand of flame (20)
 V - a wand of polymorph (10)
 X - a wand of light (2)
Scrolls
 a - a scroll of torment
 c - a scroll of brand weapon
 p - a scroll of butterflies
 w - a scroll of summoning
 C - 7 scrolls of teleportation
 D - 5 scrolls of vulnerability
 E - 2 scrolls of enchant weapon
 K - 4 scrolls of magic mapping
 Y - a scroll of fear
Potions
 f - 4 potions of attraction
 n - a potion of might
 o - 2 potions of magic
 r - 6 potions of heal wounds
 s - 2 potions of brilliance
 t - 2 potions of lignification
 v - 14 potions of curing
 z - a potion of mutation
 J - 4 potions of ambrosia
 P - 5 potions of flight
Miscellaneous
 e - a lightning rod (4/4)


   Skills:
 + Level 11.9 Fighting
 + Level 10.1 Short Blades
 + Level 11.9 Long Blades
 + Level 10.1 Axes
 + Level 10.1 Maces & Flails
 + Level 10.1 Polearms
 + Level 10.1 Staves
 + Level 10.1 Ranged Weapons
 + Level 10.1 Throwing
 + Level 10.1 Armour
 + Level 10.1 Dodging
 + Level 10.1 Stealth
 + Level 10.1 Shields
 + Level 10.1 Unarmed Combat
 + Level 10.5 Spellcasting
 + Level 8.4 Conjurations
 + Level 8.4 Hexes
 + Level 8.4 Summonings
 + Level 8.4 Necromancy
 + Level 8.4 Translocations
 + Level 8.4 Transmutations
 + Level 10.1 Fire Magic
 + Level 8.4 Ice Magic
 + Level 8.4 Air Magic
 + Level 8.4 Earth Magic
 + Level 8.4 Poison Magic
 + Level 11.0 Invocations
 + Level 10.1 Evocations


You had 18 spell levels left.
You knew the following spells:

 Your Spells              Type           Power      Damage    Failure   Level
a - Scorch                Fire           90%        2d9       1%          2
b - Ignite Poison         Fire/Tmut/Pois 41%        N/A       1%          3
c - Mephitic Cloud        Conj/Pois/Air  39%        N/A       1%          3
d - Airstrike             Air            19%        2d(3-19)  2%          4
e - Borgnjor's Vile Clut  Necr/Erth      19%        N/A       7%          5

Your spell library contained the following spells:

 Spells                   Type           Power      Damage    Failure   Level
 Beastly Appendage        Tmut           78%        N/A       1%          1
 Cigotuvi's Dreadful Rot  Necr/Pois/Air  78%        N/A       1%          2
 Poisonous Vapours        Pois/Air       78%        N/A       1%          2
 Wereblood                Tmut           39%        N/A       1%          2
 Spider Form              Tmut/Pois      39%        N/A       1%          3
 Tukima's Dance           Hex            39%        N/A       1%          3
 Sticky Flame             Conj/Fire      42%        2d6       1%          4
 Passage of Golubria      Tloc           39%        N/A       2%          4
 Summon Lightning Spire   Summ/Air       39%        N/A       2%          4
 Lightning Bolt           Conj/Air       19%        1d34      7%          5
 Yara's Violent Unravell  Hex/Tmut       19%        3d9       7%          5
 Death Channel            Necr           19%        N/A       36%         6
 Storm Form               Tmut/Air       19%        N/A       90%         7
 Ignition                 Fire           22%        3d8       100%        8
 Maxwell's Capacitive Co  Air            19%        ∞         100%        8
 Animate Dead             Necr           Unusable   N/A       N/A         4

Dungeon Overview and Level Annotations

Branches:
Dungeon (10/15)            Temple (1/1) D:5            Lair (5/5) D:10
  Swamp (2/4) Lair:2        Snake (0/4) Lair:2        Slime (0/5) Lair:4
  Sewer (visited)         Ossuary (visited)
    Orc: D:9-12

Altars:
Ashenzari
Cheibriados
Dithmenos
Elyvilon
Fedhas
Gozag
Hepliaklqana
Kikubaaqudgha
Makhleb
Nemelex Xobeh
Okawaru
Qazlal
Ru
Sif Muna
Trog
Uskayaw
Vehumet
Wu Jian
Xom
Yredelemnul
Zin
The Shining One
Jiyva

Shops:
D:2 =

Portals:
Abyss: Swamp:1

Annotations:
D:10 2 transporters, Flanfartigan's ghost, novice TrTm
Lair:3 3 runed translucent doors, Iusername's ghost, journeyman MiFi; Reogeod's ghost, journeyman KoBr; jejorda2's ghost, journeyman MfBe; ragingrage's ghost, journeyman TrFi
Swamp:1 2 transporters, 1 runed translucent door, hikkokomori's ghost, adept GrBe


Innate Abilities, Weirdness & Mutations

You have very sharp teeth.
Your uncanny sense of smell can sniff out nearby items.
Your experience applies equally to all skills.


Message History

The thorn hunter hits you!
* * * LOW HITPOINT WARNING * * *
The thorn hunter completely misses you.
As you read the scroll of fear, it crumbles to dust.
You assume a fearsome visage.
The thorn hunter is unaffected.
The alligator looks frightened!
The swamp worm looks frightened!
The thorn hunter hits you!
* * * LOW HITPOINT WARNING * * *
The thorn hunter hits you.
* * * LOW HITPOINT WARNING * * *
The alligator is distracted by your dazzling golden aura.
You enter the shallow water.
Moving in this stuff is going to be slow.
The alligator is no longer distracted by gold.
Okay, then.
You have no ailments to cure. [a] - 330 gold - curing and magic [b] - 672 gold - resistance, might, haste and invisibility [c] - 648 gold - heal wounds, berserk rage, resistance and might Purchase which effect?
You feel protected.
You feel very mighty all of a sudden.
You feel yourself speed up.
You fade into invisibility!
The thorn hunter barely misses you.
The thorn hunter hits you but does no damage.
The briar patch crumbles away.
The swamp worm is distracted by your dazzling golden aura.
You barely miss the thorn hunter.
The thorn hunter is severely damaged.
Your +9 spectral quarterstaff hits the thorn hunter.
The briar patch crumbles away.
The thorn hunter hits you!
* * * LOW HITPOINT WARNING * * *
The thorn hunter hits you.
* * * LOW HITPOINT WARNING * * *
You hit the thorn hunter.
The thorn hunter is severely damaged.
Your +9 spectral quarterstaff closely misses the thorn hunter.
The thorn hunter hits you!
You die...
Your body crumbles into a pile of gold.

♣.~§ ♣♣.♣~.♣ ♣>.♣
♣~P.~.♣
♣..♣♣♣~PP♣.♣ ♣
♣...♣♣.PP..♣ ♣♣.
♣♣...♣.~PP.♣♣
.♣~~.♣.?♣.♣.~PP.♣
~~~~~t~$~~♣.~PP~♣♣
~.~.♣§.♣.~.§~P§.♣
♣~~~.~~f@~~~~~~♣♣
~.~~~~~.(~~..~§♣♣
~♣~w.~..~~~~~~♣=♣
∆
~~~~~♣~~~~~....♣♣
.~~~~~~~..~~♣.♣♣
~..~.~~~~♣.♣♣~♣
♣♣♣♣~~~~♣♣♣. ~~
♣.~.♣ .. .


You could see a thorn hunter, an alligator (swift, unable to see you, fleeing),
a swamp worm (unable to see you, fleeing) and a friendly +9 spectral
quarterstaff (summoned).

Vanquished Creatures
  Aizul (Swamp:1)
  3 eleionomae (Swamp:1)
  Josephine (D:10)
  Fannar (Lair:3)
  5 hydras
  4 catoblepae
  2 alligators (Swamp:1)
  9 death yaks
  Nergalle (Lair:3)
  The ghost of CertainDeath the Cleaver, a novice MiMo of Gozag (D:8)
  2 goliath frogs (Swamp:1)
  A swamp dragon (Swamp:1)
  2 bog bodies (Lair:2)
  An oklob plant (Lair:3)
  2 manticores (Lair:5)
  10 elephants
  4 black mambas
  11 cane toads
  4 komodo dragons
  A rime drake (Lair:3)
  A troll (D:10)
  3 tyrant leeches (Swamp:1)
  A polar bear (Lair:3)
  2 slime creatures (D:8)
  23 blink frogs
  Sigmund (D:2)
  17 fire elementals
  4 wraiths (D:10)
  5 wyverns
  51 yaks
  2 steam dragons
  3 vampire mosquitoes (Swamp:1)
  3 swamp worms
  2 wargs (D:10)
  An acid dragon (D:10)
  8 water moccasins
  2 sky beasts
  A swamp drake (Swamp:1)
  2 black bears
  5 orc warriors
  2 ogres
  6 wolves
  4 centaurs
  11 kobold brigands
  12 bullfrogs
  An elf zombie (Ossuary)
  A gnoll sergeant (D:9)
  3 scorpions
  3 necrophages
  9 wights
  11 killer bees
  3 howler monkeys (D:9)
  2 electric eels (Lair:2)
  A centaur zombie (Ossuary)
  7 hounds
  7 orc priests
  4 gnoll boudas (D:8)
  2 human zombies (Ossuary)
  6 jellies
  4 iguanas
  Natasha (thrice) (D:2)
  14 orc wizards
  2 mummies (Ossuary)
  Robin (D:2)
  28 gnolls
  11 adders
  2 river rats
  A white imp (D:7)
  3 ufetubi
  An adder zombie (Ossuary)
  6 worms
  28 orcs
  6 ball pythons
  2 bats
  9 endoplasms
  A giant cockroach (D:4)
  11 hobgoblins
  5 jackals
  2 quokkas
  3 frilled lizards
  14 goblins
  A goblin zombie (Ossuary)
  8 hobgoblin zombies (Ossuary)
  2 jackal zombies (Ossuary)
  66 kobolds
  11 kobold zombies (Ossuary)
  7 orc zombies (Ossuary)
  9 rats
  3 rat zombies (Ossuary)
562 creatures vanquished.

Vanquished Creatures (others)
  An eleionoma (Swamp:1)
  A bloated husk (Swamp:1)
  75 foxfires
  26 fungi
  22 plants
  2 withered plants (Lair:3)
127 creatures vanquished.

Grand Total: 689 creatures vanquished

Notes
Turn   | Place    | Note
-------+----------+-------------------------------------------
     0 | D:1      | Hubris850 the Gnoll Cinder Acolyte began the quest for the
                  | Orb.
     0 | D:1      | Reached XP level 1. HP: 23/23 MP: 4/4
   366 | D:1      | Reached XP level 2. HP: 29/29 MP: 5/5
   808 | D:2      | Noticed Natasha
   812 | D:2      | Killed Natasha
   813 | D:2      | Reached skill level 1 in Invocations
   813 | D:2      | Reached XP level 3. HP: 24/35 MP: 7/7
   825 | D:2      | Reached skill level 1 in Short Blades
   825 | D:2      | Reached skill level 1 in Axes
   825 | D:2      | Reached skill level 1 in Maces & Flails
   825 | D:2      | Reached skill level 1 in Polearms
   825 | D:2      | Reached skill level 1 in Staves
   825 | D:2      | Reached skill level 1 in Ranged Weapons
   825 | D:2      | Reached skill level 1 in Throwing
   825 | D:2      | Reached skill level 1 in Armour
   825 | D:2      | Reached skill level 1 in Dodging
   825 | D:2      | Reached skill level 1 in Stealth
   825 | D:2      | Reached skill level 1 in Shields
   825 | D:2      | Reached skill level 1 in Unarmed Combat
   825 | D:2      | Reached skill level 1 in Evocations
   831 | D:2      | Noticed Sigmund
   837 | D:2      | Killed Sigmund
   838 | D:2      | Reached skill level 1 in Conjurations
   838 | D:2      | Reached skill level 1 in Hexes
   838 | D:2      | Reached skill level 1 in Summonings
   838 | D:2      | Reached skill level 1 in Necromancy
   838 | D:2      | Reached skill level 1 in Translocations
   838 | D:2      | Reached skill level 1 in Transmutations
   838 | D:2      | Reached skill level 1 in Ice Magic
   838 | D:2      | Reached skill level 1 in Air Magic
   838 | D:2      | Reached skill level 1 in Earth Magic
   838 | D:2      | Reached skill level 1 in Poison Magic
   838 | D:2      | Reached XP level 4. HP: 24/41 MP: 9/9
   838 | D:2      | Reached XP level 5. HP: 28/47 MP: 10/10
   914 | D:2      | Reached XP level 6. HP: 53/53 MP: 11/11
  1025 | D:2      | Found a faded altar of an unknown god.
  1090 | D:2      | Noticed Natasha
  1098 | D:2      | Killed Natasha
  1258 | D:2      | Noticed Robin
  1263 | D:2      | Killed Robin
  1266 | D:2      | Noticed Natasha
  1269 | D:2      | Found Nirghuil's Jewellery Shop.
  1271 | D:2      | Killed Natasha
  1613 | D:2      | Found a shimmering altar of Xom.
  1727 | D:2      | Learned a level 2 spell: Scorch
  1731 | D:2      | Learned a level 3 spell: Ignite Poison
  1735 | D:2      | Learned a level 3 spell: Mephitic Cloud
  1830 | D:3      | Found a shadowy altar of Dithmenos.
  2306 | D:3      | Reached XP level 7. HP: 46/60 MP: 12/12
  3602 | D:4      | Reached XP level 8. HP: 67/67 MP: 14/14
  3643 | D:4      | Found a shimmering blue altar of Sif Muna.
  3644 | D:4      | Found a bloodstained altar of Trog.
  3644 | D:4      | Found a hazy altar of Hepliaklqana.
  4093 | D:5      | Entered Level 5 of the Dungeon
  4140 | D:5      | Found a sparkling altar of Nemelex Xobeh.
  4239 | D:5      | Found a staircase to the Ecumenical Temple.
  4250 | Temple   | Entered the Ecumenical Temple
  4351 | D:5      | Found a sand-covered staircase.
  4399 | D:5      | Identified the +2 robe of Knowledge {*Slow rN+ SInv
                  | Archmagi}
  4510 | Ossuary  | Entered an ossuary
  5611 | D:6      | Found a broken altar of Ashenzari.
  5720 | D:6      | Found an iron altar of Okawaru.
  5733 | D:6      | Reached XP level 9. HP: 73/73 MP: 16/16
  5879 | D:6      | Reached skill level 5 in Spellcasting
  5975 | D:6      | Found a glowing drain.
  5980 | Sewer    | Entered a sewer
  6081 | Sewer    | Found a glowing silver altar of Zin.
  6701 | D:7      | Reached skill level 5 in Invocations
  7661 | D:8      | Found a runed translucent gate.
  7661 | D:8      | Found a runed translucent gate.
  7661 | D:8      | Found a runed translucent gate.
  7664 | D:8      | Noticed CertainDeath's ghost (novice MiMo)
  7667 | D:8      | Found a viscous altar of Jiyva.
  7827 | D:8      | Reached skill level 5 in Short Blades
  7827 | D:8      | Reached skill level 5 in Axes
  7827 | D:8      | Reached skill level 5 in Maces & Flails
  7827 | D:8      | Reached skill level 5 in Polearms
  7827 | D:8      | Reached skill level 5 in Staves
  7827 | D:8      | Reached skill level 5 in Ranged Weapons
  7827 | D:8      | Reached skill level 5 in Throwing
  7827 | D:8      | Reached skill level 5 in Armour
  7827 | D:8      | Reached skill level 5 in Dodging
  7827 | D:8      | Reached skill level 5 in Stealth
  7827 | D:8      | Reached skill level 5 in Shields
  7827 | D:8      | Reached skill level 5 in Unarmed Combat
  7827 | D:8      | Reached skill level 5 in Evocations
  7827 | D:8      | Reached XP level 10. HP: 73/81 MP: 18/18
  8220 | D:8      | Found a sacrificial altar of Ru.
  8243 | D:8      | Found a glowing silver altar of Zin.
  8833 | D:8      | Found a stormy altar of Qazlal.
  8833 | D:8      | Found a burning altar of Makhleb.
  8868 | D:8      | Found an opulent altar of Gozag.
  8870 | D:8      | Found an ornate altar of the Wu Jian Council.
  8872 | D:8      | Found a white marble altar of Elyvilon.
  9184 | D:8      | Killed CertainDeath's ghost
  9385 | D:9      | Found a blossoming altar of Fedhas.
  9673 | D:9      | Reached skill level 5 in Conjurations
  9673 | D:9      | Reached skill level 5 in Hexes
  9673 | D:9      | Reached skill level 5 in Summonings
  9673 | D:9      | Reached skill level 5 in Necromancy
  9673 | D:9      | Reached skill level 5 in Translocations
  9673 | D:9      | Reached skill level 5 in Transmutations
  9673 | D:9      | Reached skill level 5 in Ice Magic
  9673 | D:9      | Reached skill level 5 in Air Magic
  9673 | D:9      | Reached skill level 5 in Earth Magic
  9673 | D:9      | Reached skill level 5 in Poison Magic
  9673 | D:9      | Reached XP level 11. HP: 88/89 MP: 21/21
  9909 | D:9      | Identified the +1 pair of boots of the Viny God {Dex+2}
 10315 | D:10     | Entered Level 10 of the Dungeon
 10500 | D:10     | Found a staircase to the Lair.
 10861 | D:10     | Noticed Josephine
 10875 | D:10     | Killed Josephine
 11260 | D:10     | Found a transporter.
 11262 | D:10     | Noticed a moth of wrath
 11268 | D:10     | Found a bloodstained altar of Trog.
 11276 | D:10     | Found a transporter.
 11276 | D:10     | Noticed a two-headed ogre
 11277 | D:10     | Noticed Flanfartigan's ghost (novice TrTm)
 11277 | D:10     | Noticed a two-headed ogre
 11277 | D:10     | Noticed a two-headed ogre
 11302 | D:10     | Noticed a tengu warrior
 11439 | Lair:1   | Entered Level 1 of the Lair of Beasts
 11735 | D:8      | Fell from the grace of Ignis
 11735 | D:8      | Became a worshipper of Gozag Ym Sagoz the Greedy
 12734 | Lair:2   | Found a staircase to the Snake Pit.
 12739 | Lair:2   | Reached XP level 12. HP: 87/97 MP: 23/23
 12998 | Lair:2   | Noticed a five-headed hydra
 13131 | Lair:2   | Noticed a six-headed hydra
 13141 | Lair:2   | Killed a six-headed hydra
 13216 | Lair:2   | Noticed a four-headed hydra
 13219 | Lair:2   | Killed a five-headed hydra
 13220 | Lair:2   | Reached skill level 10 in Fighting
 13220 | Lair:2   | Reached skill level 10 in Long Blades
 13228 | Lair:2   | Killed a four-headed hydra
 13328 | Lair:2   | Found the +5 robe of Misfortune {Harm *Corrode *Slow EV+5}
 13885 | Lair:2   | Found a staircase to the Swamp.
 14708 | Lair:3   | Found a runed translucent gate.
 14708 | Lair:3   | Found a runed translucent gate.
 14708 | Lair:3   | Found a runed translucent gate.
 14710 | Lair:3   | Noticed Iusername's ghost (journeyman MiFi)
 14710 | Lair:3   | Noticed jejorda2's ghost (journeyman MfBe)
 14711 | Lair:3   | Noticed ragingrage's ghost (journeyman TrFi)
 14712 | Lair:3   | Noticed Reogeod's ghost (journeyman KoBr)
 14866 | Lair:3   | Noticed a six-headed hydra
 14871 | Lair:3   | Noticed a six-headed hydra
 14874 | Lair:3   | Killed a six-headed hydra
 14875 | Lair:3   | Reached XP level 13. HP: 96/104 MP: 25/25
 14889 | Lair:3   | Noticed Fannar
 14900 | Lair:3   | Killed Fannar
 15121 | Lair:3   | Noticed Nergalle
 15130 | Lair:3   | Killed Nergalle
 15146 | Lair:3   | Learned a level 4 spell: Airstrike
 15374 | Lair:3   | Was forgiven by Ignis
 15536 | Lair:3   | Found the +1 robe of Vines {NoPotionHeal Regen++++}
 16219 | Lair:4   | Found a staircase to the Slime Pits.
 16540 | Lair:4   | Found a radiant altar of Vehumet.
 16734 | Lair:4   | Identified the +0 chain mail of Twilight {rCorr}
 17254 | Lair:5   | Entered Level 5 of the Lair of Beasts
 17431 | Lair:5   | Reached XP level 14. HP: 113/113 MP: 27/27
 17431 | Lair:5   | Reached skill level 10 in Invocations
 17431 | Lair:5   | Reached XP level 15. HP: 119/119 MP: 28/28
 17465 | Lair:5   | Reached skill level 10 in Spellcasting
 17648 | Lair:5   | Learned a level 5 spell: Borgnjor's Vile Clutch
 18506 | Swamp:1  | Entered Level 1 of the Swamp
 18556 | Swamp:1  | Reached skill level 10 in Fire Magic
 18658 | Swamp:1  | Reached skill level 10 in Short Blades
 18658 | Swamp:1  | Reached skill level 10 in Axes
 18658 | Swamp:1  | Reached skill level 10 in Maces & Flails
 18658 | Swamp:1  | Reached skill level 10 in Polearms
 18658 | Swamp:1  | Reached skill level 10 in Staves
 18658 | Swamp:1  | Reached skill level 10 in Ranged Weapons
 18658 | Swamp:1  | Reached skill level 10 in Throwing
 18658 | Swamp:1  | Reached skill level 10 in Armour
 18658 | Swamp:1  | Reached skill level 10 in Dodging
 18658 | Swamp:1  | Reached skill level 10 in Stealth
 18658 | Swamp:1  | Reached skill level 10 in Shields
 18658 | Swamp:1  | Reached skill level 10 in Unarmed Combat
 18658 | Swamp:1  | Reached skill level 10 in Evocations
 18833 | Swamp:1  | Found a transporter.
 18843 | Swamp:1  | Noticed a profane servitor
 18868 | Swamp:1  | Noticed hikkokomori's ghost (adept GrBe)
 18875 | Swamp:1  | Found a transporter.
 18878 | Swamp:1  | Found a one-way gate to the infinite horrors of the Abyss.
 19064 | Swamp:1  | Found a runed translucent door.
 19084 | Swamp:1  | Noticed Aizul
 19104 | Swamp:1  | Killed Aizul
 19407 | Swamp:2  | Noticed a thorn hunter
 19419 | Swamp:2  | Slain by a thorn hunter

Illustrated notes

Levels and vault maps discovered:
D:1:      wheals_arrival_linesprint, layout_basic
D:2:      layout_loops_ring, chequers_ecumenical_altar_grove, basic_altar,
          serial_shops, shop, kennysheep_generic_room_13, uniq_robin,
          uniq_sigmund, uniq_natasha
D:3:      minmay_goblin_kobold_castle, layout_basic,
          mainiacjoe_overflow_concentric_impassable, hangedman_decor_push,
          kennysheep_decorative_pillar, chequers_serial_rivers_micro_b
D:4:      layout_basic, chequers_temple_overflow_statue_of_worship,
          minmay_crystal_room
D:5:      layout_basic, nemelex_diamond_rough_becter,
          minmay_temple_entry_stoned_glass, nicolae_ossuary_entry_ruins
D:6:      layout_cave_pools, nicolae_overflow_crystal_walls, okawaru_trees_2,
          lightli_sewer_entry_pipes
D:7:      layout_gridville
D:8:      kennysheep_seaside_town, layout_basic, zin_treasury,
          nicolae_ru_great_annihilating_truth,
          chequers_temple_overflow_minitemple, gammafunk_ghost_ooze
D:9:      layout_long_grid, mainiacjoe_overflow_chevrons
D:10:     layout_cave_pods, erik_lair_orcish_takeover, serial_glass,
          glass_columns_b, glass_columns_a, gammafunk_ghost_wrathful_warriors,
          uniq_josephine
Temple:   nicolae_temple_ecumenical_triangle
Lair:1:   layout_hall_layers
Lair:2:   layout_gridlike, skrybe_swamp_entry_bodies, dummy_snake_entry,
          portal_ice_cave_entry_pillars_1, chequers_serial_rivers_small_a,
          infiniplex_staircase_pool_2, grunt_megastairs_3
Lair:3:   layout_cave_pods, gammafunk_ghost_cemetery,
          chequers_serial_rivers_small_b, hellmonk_guarded_unrand_vines,
          uniq_nergalle, uniq_fannar
Lair:4:   layout_small_grid, slime_entry_1, basic_altar
Lair:5:   evilmike_catoblepas_cave, layout_loops_ring
Swamp:1:  gammafunk_mikee_crab_dinner, layout_basic_swamp,
          gammafunk_ghost_abyssal_escape, evilmike_swamp_ruin_rubble_2,
          swamp_pool3, uniq_aizul
Swamp:2:  layout_falls_marsh, nicolae_swamp_tree_isthmus, swamp_pool5

Skill      XL: |  1  2  3  4  5  6  7  8  9 10 11 12 13 14 15 |
---------------+----------------------------------------------+-----
Invocations    | 1 2 3 4 5 6 7 8 9 10 11 | 11.0
Short Blades   | 1 2 3 5 6 7 8 9 10 | 10.1
Axes           | 1 2 3 5 6 7 8 9 10 | 10.1
Maces & Flails | 1 2 3 5 6 7 8 9 10 | 10.1
Polearms       | 1 2 3 5 6 7 8 9 10 | 10.1
Staves         | 1 2 3 5 6 7 8 9 10 | 10.1
Ranged Weapons | 1 2 3 5 6 7 8 9 10 | 10.1
Throwing       | 1 2 3 5 6 7 8 9 10 | 10.1
Armour         | 1 2 3 5 6 7 8 9 10 | 10.1
Dodging        | 1 2 3 5 6 7 8 9 10 | 10.1
Stealth        | 1 2 3 5 6 7 8 9 10 | 10.1
Shields        | 1 2 3 5 6 7 8 9 10 | 10.1
Unarmed Combat | 1 2 3 5 6 7 8 9 10 | 10.1
Evocations     | 1 2 3 5 6 7 8 9 10 | 10.1
Spellcasting   | 3 4 5 6 7 8 9 10 | 10.5
Conjurations   | 1 2 3 4 5 6 7 8 |  8.4
Hexes          | 1 2 3 4 5 6 7 8 |  8.4
Summonings     | 1 2 3 4 5 6 7 8 |  8.4
Necromancy     | 1 2 3 4 5 6 7 8 |  8.4
Translocations | 1 2 3 4 5 6 7 8 |  8.4
Transmutations | 1 2 3 4 5 6 7 8 |  8.4
Ice Magic      | 1 2 3 4 5 6 7 8 |  8.4
Air Magic      | 1 2 3 4 5 6 7 8 |  8.4
Earth Magic    | 1 2 3 4 5 6 7 8 |  8.4
Poison Magic   | 1 2 3 4 5 6 7 8 |  8.4
Fighting       | 7 8 9 10 11 | 11.9
Long Blades    | 7 8 9 10 11 | 11.9
Fire Magic     | 6 7 8 9 10 | 10.1

Action                   |  1- 3 |  4- 6 |  7- 9 | 10-12 | 13-15 || total
-------------------------+-------+-------+-------+-------+-------++-------
Melee: Falchion          |    36 |       |       |       |       ||    36
       Bite              |     3 |     5 |    25 |    48 |    61 ||   142
       Quarterstaff      |     7 |   102 |   289 |   402 |   401 ||  1201
       Punch             |     1 |       |       |       |       ||     1
Throw: Javelin           |     3 |       |       |       |       ||     3
       Dart              |       |       |       |    23 |    68 ||    91
 Cast: Scorch            |       |       |    10 |     7 |       ||    17
       Ignite Poison     |       |       |     4 |     4 |     1 ||     9
       Mephitic Cloud    |       |       |     3 |     4 |     1 ||     8
       Airstrike         |       |       |       |       |     3 ||     3
       Borgnjor's Vile C |       |       |       |       |     4 ||     4
Invok: Foxfire Swarm     |       |       |       |     5 |       ||     5
       Fiery Armour      |       |       |       |     5 |       ||     5
       Rising Flame      |       |       |       |     1 |       ||     1
       Potion Petition   |       |       |       |       |     1 ||     1
Evoke: Wand              |       |       |       |     4 |     1 ||     5
       Lightning rod     |       |       |       |       |     4 ||     4
  Use: Scroll            |       |     7 |     3 |    20 |     5 ||    35
       Potion            |       |       |       |     4 |     1 ||     5
 Stab: Sleeping          |       |     2 |     9 |     8 |     4 ||    23
       Distracted        |       |       |     1 |     6 |    13 ||    20
       Paralysed         |       |       |       |     1 |       ||     1
Armor: Robe              |    15 |     9 |    92 |   131 |    74 ||   321
Dodge: Dodged            |    19 |    66 |   196 |   375 |   212 ||   868

Table legend: (Time is in decaauts)
 A = Elapsed time spent in this place.
 B = Non-inter-level travel time spent in this place.
 C = Inter-level travel time spent in this place.
 D = Time resting spent in this place.
 E = Time spent auto-exploring this place.
 F = Levels seen in this place.
 G = Mean time per level.
                   A        B        C        D        E       F      G
               +--------+--------+--------+--------+--------+-----+--------+
         Total |  19527 |  18189 |   1338 |   2347 |  11201 |  20 |  976.3 |
       Dungeon |  11180 |  10571 |    609 |   1428 |   6776 |  10 | 1118.0 |
        Temple |     66 |     66 |      0 |      0 |      0 |   1 |   66.0 |
          Lair |   6873 |   6204 |    669 |    779 |   3886 |   5 | 1374.6 |
         Swamp |    785 |    726 |     59 |     14 |    464 |   2 |  392.5 |
         Sewer |    202 |    202 |      0 |      0 |     70 |   1 |  202.0 |
       Ossuary |    419 |    419 |      0 |    126 |      4 |   1 |  419.0 |
               +--------+--------+--------+--------+--------+-----+--------+

Top non-repeatable levels by time:
     D:8: 1921 daAuts
  Lair:2: 1851 daAuts
  Lair:3: 1670 daAuts
     D:3: 1588 daAuts
  Lair:1: 1232 daAuts
     D:7: 1229 daAuts
     D:9: 1186 daAuts
  Lair:4: 1125 daAuts
    D:10: 1031 daAuts
     D:5: 1007 daAuts
     D:2: 998 daAuts
  Lair:5: 992 daAuts
     D:1: 780 daAuts
     D:4: 764 daAuts
 Swamp:1: 756 daAuts
